 Dungeon Crawl Stone Soup version 0.27-a0-1200-g94dc6ad4cf (webtiles) character file.

Game seed: 6726409111116473711

4521 quinnr the Sneak (level 10, -3/68 HPs)
             Began as an Octopode Fire Elementalist on May 31, 2021.
             Slain by a water moccasin (8 damage)
             ... on level 8 of the Dungeon.
             The game lasted 00:56:20 (13844 turns).

quinnr the Sneak (Octopode Fire Elementalist)      Turns: 13844, Time: 00:56:21

Health: -3/68      AC:  1    Str:  4    XL:     10   Next: 39%
Magic:  11/19      EV: 15    Int: 21    God:
Gold:   472        SH:  0    Dex: 15    Spells: 8/21 levels left

rFire    + . .     SeeInvis .   q - +3 short sword "Uvadghogu" {drain, rElec Str-3 Dex+2}
rCold    . . .     Faith    .   (no shield)
rNeg     . . .     Spirit   .   (helmet restricted)
rPois    +         Reflect  .   v - amulet of magic regeneration
rElec    +         Harm     .   o - ring of protection from fire
rCorr    .         Rampage  .   u - ring of poison resistance
Will     .....                  (no ring)
Stlth    ++++......             (no ring)
HPRegen  0.21/turn              (no ring)
MPRegen  0.41/turn              (no ring)
                                (no ring)
                                (no ring)

@: about to teleport, flying, studying Maces & Flails
A: almost no armour, amphibious, 8 rings, camouflage 1, gelatinous body 1,
(nimble swimmer 1), tentacles
a: no special abilities


You were on level 8 of the Dungeon.
You visited 2 branches of the dungeon, and saw 9 of its levels.

You collected 472 gold pieces.

Inventory:

Hand Weapons
 d - a +0 trident
 f - a +1 whip of electrocution
 q - the +3 short sword "Uvadghogu" (weapon) {drain, rElec Str-3 Dex+2}
   (You found it on level 5 of the Dungeon)

   A truly terrible weapon, it drains the life of those it strikes.
   It affects your strength (-3).
   It affects your dexterity (+2).
   It insulates you from electricity.
Missiles
 b - 165 stones
 h - 26 poisoned darts (quivered)
 t - a throwing net
Armour
 m - a +0 kite shield
Jewellery
 j - an amulet of reflection
 o - a ring of protection from fire (left tentacle)
 u - a ring of poison resistance (right tentacle)
 v - an amulet of magic regeneration (around mantle)
 x - a +4 ring of slaying
Wands
 c - a wand of iceblast (7)
 s - a wand of polymorph (2)
Scrolls
 e - a scroll of immolation
 i - a scroll of torment {unknown}
 n - a scroll of magic mapping {unknown}
 w - 2 scrolls of noise
 z - a scroll of enchant armour {unknown}
Potions
 a - 2 potions of brilliance
 l - a potion of mutation
 p - a potion of haste {unknown}


   Skills:
 - Level 6.0 Fighting
 - Level 2.0 Throwing
 + Level 5.5 Dodging
 - Level 6.3 Stealth
 - Level 6.0 Spellcasting
 - Level 4.0 Conjurations
 - Level 3.0 Hexes
 - Level 5.0 Summonings
 - Level 4.0 Fire Magic
 - Level 5.0 Air Magic
 - Level 3.0 Evocations


You had 8 spell levels left.
You knew the following spells:

 Your Spells              Type           Power      Damage    Failure   Level
a - Foxfire               Conj/Fire      92%        2x1d8     1%          1
b - Call Imp              Summ           27%        N/A       1%          2
c - Summon Guardian Gole  Hex/Summ       23%        N/A       5%          3
d - Inner Flame           Hex/Fire       21%        N/A       7%          3
e - Summon Lightning Spi  Summ/Air       27%        N/A       12%         4

Your spell library contained the following spells:

 Spells                   Type           Power      Damage    Failure   Level
 Summon Small Mammal      Summ           100%       N/A       1%          1
 Call Canine Familiar     Summ           27%        N/A       3%          3
 Conjure Flame            Conj/Fire      23%        6-21      5%          3
 Sticky Flame             Conj/Fire      23%        2d4       19%         4
 Summon Ice Beast         Ice/Summ       16%        N/A       34%         4
 Fireball                 Conj/Fire      11%        3d7       45%         5


Dungeon Overview and Level Annotations

Branches:
Dungeon (8/15)             Temple (1/1) D:7
   Lair: D:8-11

Altars:
Cheibriados
Dithmenos
Fedhas
Gozag
Hepliaklqana
Kikubaaqudgha
Makhleb
Nemelex Xobeh
Okawaru
Qazlal
Ru
Trog
Uskayaw
Vehumet
Wu Jian
Yredelemnul
Zin
The Shining One

Shops:
D:2 (

Annotations:
D:6 exclusion: door


Innate Abilities, Weirdness & Mutations

You cannot wear most types of armour.
You are amphibious.
You can wear up to eight rings at the same time.
Your skin changes colour to match your surroundings (Stealth+).
Your rubbery body absorbs attacks. (AC +1, EV +1)
((You are camouflaged near water. (Stealth+)))
You have tentacles for arms and can constrict up to eight enemies at once.


Message History

Confirm with . or Enter, or press ? or * to list all spells.
You conjure some foxfire!
Your crimson imp misses the water moccasin.
The water moccasin misses you.
The water moccasin bites your crimson imp.
The yak snorts and paws the ground.
The foxfire hits the yak but does no damage.
The foxfire hits the water moccasin.
The water moccasin is moderately wounded.
As you read the scroll labelled WANITEGG KUECUK, it crumbles to dust.
You hear a loud clanging noise!
It was a scroll of noise.
You hear a shout!
You hear an angry hiss.
You hear a shout!
You hear a horrible gurgling sound!
You hear a shout!
The water moccasin closely misses you.
The water moccasin closely misses your crimson imp.
Your crimson imp barely misses the water moccasin.
The water moccasin barely misses you.
Your lightning spire shoots out a bolt of lightning at the water moccasin!
The bolt of electricity hits the water moccasin.
The water moccasin closely misses your crimson imp.
Unknown command.
As you read the scroll labelled TIMA CURUIGHY, it crumbles to dust.
You feel strangely unstable.
It was a scroll of teleportation.
The water moccasin misses you.
Your crimson imp hits the water moccasin.
The water moccasin closely misses you.
The water moccasin barely misses your crimson imp.
The water moccasin bites you. The yak gores you!
* * * LOW HITPOINT WARNING * * *
It was a potion of flight.
You feel very buoyant.
You fly up into the air.
The water moccasin barely misses you.
Your crimson imp closely misses the water moccasin.
The water moccasin bites your crimson imp but does no damage.
The water moccasin closely misses you.
Your lightning spire shoots out a bolt of lightning at the water moccasin!
The bolt of electricity hits the water moccasin.
The water moccasin bites you!
You die... ..P.PP.
P..PPP. .P....P ..P..PP .P..PPP

.......
###Y.S....
##S).#5...
#@Y........
#8S>.....##
###+###..#
.# .. #


You could see 2 yaks, 3 water moccasins, a friendly lightning spire (summoned)
and a friendly crimson imp (summoned).

Vanquished Creatures
  A two-headed ogre (D:7)
  A nameless horror (D:5)
  A wyvern (D:7)
  Eustachio (D:5)
  A black bear (D:7)
  A phantom (D:4)
  A bullfrog (D:8)
  A gnoll sergeant (D:7)
  A scorpion (D:7)
  A water moccasin skeleton (D:5)
  2 killer bees (D:7)
  2 wights
  3 electric eels (D:6)
  A hound (D:6)
  2 orc priests
  A bullfrog skeleton (D:6)
  An iguana (D:4)
  An orc wizard (D:7)
  A gnoll (D:5)
  8 adders
  A white imp (D:7)
  2 ufetubi (D:7)
  An adder skeleton (D:4)
  A worm (D:2)
  7 orcs
  7 ball pythons
  6 endoplasms
  2 giant cockroaches
  4 goblins
  3 hobgoblins
  3 quokkas
  4 bats
  A frilled lizard (D:1)
  7 kobolds
  4 rats
  A bush (D:1)
86 creatures vanquished.

Vanquished Creatures (collateral kills)
  A deep elf pyromancer (D:7)
  A komodo dragon (D:8)
  A troll (D:5)
  Sigmund (D:5)
  A wraith (D:7)
  Edmund (D:4)
  A water moccasin (D:4)
  2 orc warriors
  A black bear (D:7)
  2 centaurs
  A bullfrog (D:7)
  A wyvern zombie (D:7)
  3 scorpions
  4 killer bees (D:7)
  3 electric eels (D:6)
  A wight (D:7)
  A centaur zombie (D:6)
  2 jellies
  2 orc priests
  A hound (D:6)
  A centaur skeleton (D:6)
  An iguana (D:5)
  2 orc wizards (D:7)
  A howler monkey skeleton (D:3)
  5 gnolls (D:5)
  4 adders
  A shadow imp (D:7)
  A worm (D:3)
  13 orcs
  A bat (D:2)
  2 endoplasms
  A giant cockroach (D:3)
  2 hobgoblins
  3 jackals (D:2)
  A goblin (D:3)
  A kobold (D:2)
  11 foxfires
82 creatures vanquished.

Vanquished Creatures (others)
  A two-headed ogre (D:5)
  An ugly thing (D:7)
  A black bear (D:4)
  A scorpion (D:4)
  A wight (D:7)
  A gnoll shaman (D:5)
  An iguana (D:7)
  Ijyb (D:5)
  An orc wizard (D:7)
  A gnoll (D:5)
  263 foxfires
  17 fungi (D:8)
  72 plants
362 creatures vanquished.

Grand Total: 530 creatures vanquished

Notes
Turn   | Place    | Note
-------+----------+-------------------------------------------
     0 | D:1      | quinnr the Octopode Fire Elementalist began the quest for
                  | the Orb.
     0 | D:1      | Reached XP level 1. HP: 11/11 MP: 3/3
    69 | D:1      | Found a faded altar of an unknown god.
   145 | D:1      | Reached XP level 2. HP: 17/17 MP: 0/5
   243 | D:1      | Learned a level 2 spell: Call Imp
  1513 | D:2      | Reached skill level 1 in Summonings
  1611 | D:2      | Reached XP level 3. HP: 21/21 MP: 0/7
  2251 | D:2      | Reached XP level 4. HP: 27/27 MP: 0/8
  2831 | D:2      | Found Dubbynn's Antique Weapon Emporium.
  2919 | D:2      | quinnr: ??spellpower
  2919 | D:2      | beem: spellpower ~ spell power[1/5]: (Spellcasting/2 +
                  | 2*avg school skill) * INT/10 * (1.5 ^ enhancer count).
                  | Spellpower has diminishing returns over 50:
                  | http://tinyurl.com/oeme7aj - Stepdown formula is min(pow,
                  | 200, 50*log_2(1 + pow/50)). Capped at 200. Negative spell
                  | enhancers use 0.5, not 0.66.
  3274 | D:3      | Learned a level 3 spell: Summon Guardian Golem
  3278 | D:3      | Learned a level 3 spell: Inner Flame
  3295 | D:3      | Reached XP level 5. HP: 31/31 MP: 7/10
  3535 | D:3      | quinnr: ??guardian golem
  3535 | D:3      | beem: guardian golem[1/1]: Ally with no attacks, but it
                  | passively absorbs damage dealt to other allied summons.
                  | When below half health it can overheat, causing it to
                  | explode on death.
  4552 | D:4      | Found a sacrificial altar of Ru.
  4726 | D:4      | Noticed a phantom
  4766 | D:4      | Reached skill level 1 in Fighting
  4766 | D:4      | Reached skill level 1 in Hexes
  5087 | D:4      | Noticed a water moccasin
  5129 | D:4      | Killed a water moccasin
  5130 | D:4      | Reached XP level 6. HP: 26/39 MP: 1/12
  5601 | D:4      | Noticed a black bear
  5679 | D:4      | Killed a black bear
  5680 | D:4      | Reached skill level 1 in Throwing
  5680 | D:4      | Reached XP level 7. HP: 17/46 MP: 4/13
  5898 | D:4      | Learned a level 4 spell: Summon Lightning Spire
  6066 | D:5      | Entered Level 5 of the Dungeon
  6115 | D:5      | Noticed a troll
  6199 | D:5      | Noticed Ijyb
  6207 | D:5      | Noticed a two-headed ogre
  6212 | D:5      | Killed Ijyb
  6232 | D:5      | Noticed Eustachio
  6882 | D:5      | Killed a two-headed ogre
  6883 | D:5      | Reached skill level 5 in Spellcasting
  6883 | D:5      | Reached XP level 8. HP: 54/54 MP: 3/15
  7181 | D:5      | Identified the +3 short sword "Uvadghogu" {drain, rElec
                  | Str-3 Dex+2}
  7319 | D:5      | Killed Eustachio
  7320 | D:5      | Reached skill level 1 in Air Magic
  7426 | D:5      | Killed a troll
  7709 | D:5      | Noticed Sigmund
  7756 | D:5      | Noticed Edmund
  8020 | D:4      | Killed Edmund
  8184 | D:5      | Killed Sigmund
  8185 | D:5      | Reached XP level 9. HP: 46/58 MP: 4/17
  8196 | D:5      | Noticed a nameless horror
  8599 | D:5      | Killed a nameless horror
 10887 | D:6      | Reached skill level 1 in Evocations
 11071 | D:6      | Found an opulent altar of Gozag.
 11071 | D:6      | Found a sparkling altar of Nemelex Xobeh.
 11144 | D:6      | Found an ancient bone altar of Kikubaaqudgha.
 11144 | D:6      | Found an ornate altar of the Wu Jian Council.
 11175 | D:6      | quinnr: !wtf OcFE
 11175 | D:6      | beem: Unperson Fire Elementalist
 11175 | D:6      | quinnr: !wtf OtFE
 11175 | D:6      | beem: Unperson Fire Elementalist
 11175 | D:6      | quinnr: !apt Oct
 11175 | D:6      | beem: Could not understand "oct"
 11175 | D:6      | quinnr: !apt Oc
 11175 | D:6      | beem: Could not understand "oc"
 11175 | D:6      | quinnr: ??octopode
 11175 | D:6      | beem: octopode[1/6]: Player species which can equip 8
                  | rings, amulet, a shield, and a hat (no helmets), but no
                  | other armour. Wields items normally, and also has
                  | constricting tentacle attacks. Has {camouflage} for added
                  | stealth.
 11175 | D:6      | quinnr: ??octopode[2
 11175 | D:6      | beem: octopode[2/6]: For four days in 2012, octopodes had
                  | eight times the normal squeeze damage (96 instead of 12),
                  | allowing them to one-shot greater mummies (among others)
                  | with ease. Introduced, and then ruined, by |amethyst; rest
                  | in peace.
 11175 | D:6      | quinnr: ??octopode[3
 11175 | D:6      | beem: octopode[3/6]:
                  | http://robertbowenart.com/wp-content/themes/RobertBowenArt/
                  | images/The-Guardian.jpg
 11175 | D:6      | quinnr: !race
 11175 | D:6      | quinnr: !races
 11175 | D:6      | quinnr: ??abbreviations
 11175 | D:6      | beem: abbreviations[1/3]: Species and backgrounds are often
                  | abbreviated to two letters; for example Merfolk is Mf and
                  | Ice Elementalist is IE. Thus people will often refer to
                  | Merfolk Ice Elementalist as MfIE. Use the commands "!wtf
                  | Mf" and "!ftw Merfolk" to have Sequell tell you what the
                  | abbreviations are.
 11175 | D:6      | quinnr: !wtf Octopode
 11175 | D:6      | beem: Unemployed Unperson
 11175 | D:6      | quinnr: !ftw Octopode
 11175 | D:6      | beem: Op??
 11175 | D:6      | quinnr: !whichgod OpFE
 11175 | D:6      | beem: 15 recent wins for OpFE: 6x Vehumet, 4x Ashenzari, 3x
                  | Sif Muna, 2x Gozag
 11389 | D:7      | Found a staircase to the Ecumenical Temple.
 11691 | D:7      | quinnr: ??sinv
 11691 | D:7      | beem: see invisible[1/3]: Self-explanatory. No combat
                  | penalties, can aim at invisible things correctly, etc. --
                  | everything in {invisibility}. Some monsters have {sense
                  | invisible} instead. The ability for PCs comes in ring,
                  | helmet or cap ego, and mutation form.
 11691 | D:7      | quinnr: ??sinv[2
 11691 | D:7      | beem: see invisible[2/3]: Memorise See Invisible? It hits
                  | you but does no damage. Your memorisation is interrupted.
 11691 | D:7      | quinnr: ??sinv[3
 11691 | D:7      | beem: see invisible[3/3]: N78291: here is a quick reference
                  | guide on monster see invisible: yes
 11691 | D:7      | quinnr: @?lightning spire
 11691 | D:7      | beem: lightning spire (8)
                  | Spd: 10 (stationary)
                  | HD: 3
                  | | HP: 17-25
                  | AC/EV: 13/3
                  | non-living, unbreathing
                  | Res:
                  | will(invuln), fire++, cold++, elec+++, poison+++, drown,
                  | miasma, neg+++, torm
                  | XP: 32
                  | Sp: b.electrical (3d6)
                  | [!AM, !sil]
                  | Sz: small
                  | Int: brainless.
 11691 | D:7      | quinnr: @?iron imp
 11691 | D:7      | beem: iron imp (5)
                  | Spd:
     8 | HD: 3    | HP: 13-20
                  | AC/EV:
                  | 6/8
                  | Dam: 12
                  | demonic, weapons, items, doors, evil
                  | Res:
                  | magic(10), fire+++, cold, elec, poison, miasma, neg+++,
                  | torm
                  | Vul: holy
                  | XP:
    39 | Sz: small | Int: human.
 11691 | D:7      | quinnr: @?canine
 11691 | D:7      | beem: unknown monster: "canine"
 11865 | Temple   | Entered the Ecumenical Temple
 11931 | Temple   | quinnr: ??vehumet
 11931 | Temple   | beem: vehumet[1/2]: The god of destructive magic. Offers
                  | you the opportunity to memorize up to 15 different
                  | destructive spells over the course of the game, beginning
                  | with a L1 spell at * piety and loosely weighted by
                  | elemental skills. Provides mana on kills at * piety,
                  | {wizardry} bonus for destructive spells at *** piety, and
                  | extra range at **** piety.
 11931 | Temple   | quinnr: ??sif muna
 11931 | Temple   | beem: sif muna[1/4]: God of magic and knowledge: 1*:
                  | {channel magic}, 3*: {amnesia}, 4*: {divine exegesis}, 5*:
                  | book gifts (see {book acquirement}). Piety is gained from
                  | kills.
 11931 | Temple   | quinnr: ??vehumet[2
 11931 | Temple   | beem: vehumet[2/2]: At *** piety, Vehumet reduces spell
                  | failure for: any Conjuration, Airstrike, Ignite Poison,
                  | Ozocubu's Refrigeration, Sandblast, LRD, Shatter, Tornado,
                  | Freeze, OTR, Inner Flame. The change in success chance is
                  | like wearing 2 sources of {wizardry}, but isn't considered
                  | wizardry for stacking purposes.
 11931 | Temple   | quinnr: ??vehumet[3
 11931 | Temple   | beem: I don't have a page labeled vehumet[3] in my learndb.
 11931 | Temple   | quinnr: ??sif muna[1
 11931 | Temple   | beem: sif muna[1/4]: God of magic and knowledge: 1*:
                  | {channel magic}, 3*: {amnesia}, 4*: {divine exegesis}, 5*:
                  | book gifts (see {book acquirement}). Piety is gained from
                  | kills.
 11931 | Temple   | quinnr: ??sif muna[2
 11931 | Temple   | beem: sif muna[2/4]: In 0.24, {divine energy} was given at
                  | 1* instead of channel magic, which was given at 3*. Divine
                  | exegesis didn't exist and {miscast protection} was given at
                  | 2* instead. Piety was given 2/3 from training magic skills
                  | (including spellcasting} and 1/3 from kills. Neither
                  | aptitudes nor the level of skill influenced piety rewarded.
 12084 | D:7      | Noticed a two-headed ogre
 12099 | D:7      | Reached skill level 5 in Summonings
 12099 | D:7      | Reached skill level 5 in Air Magic
 12108 | D:7      | Killed a two-headed ogre
 12186 | D:7      | Reached XP level 10. HP: 53/63 MP: 16/18
 12253 | D:7      | Noticed a red ugly thing
 12295 | D:7      | Noticed a deep elf pyromancer
 12562 | D:7      | Reached skill level 5 in Dodging
 12701 | D:7      | Killed a cyan ugly thing
 12702 | D:7      | Reached skill level 5 in Fighting
 12702 | D:7      | quinnr: ??guardian golem
 12702 | D:7      | beem: guardian golem[1/1]: Ally with no attacks, but it
                  | passively absorbs damage dealt to other allied summons.
                  | When below half health it can overheat, causing it to
                  | explode on death.
 13117 | D:7      | Killed a deep elf pyromancer
 13252 | D:7      | Found a blossoming altar of Fedhas.
 13259 | D:7      | Found a bloodstained altar of Trog.
 13276 | D:7      | Found a glowing silver altar of Zin.
 13499 | D:8      | HP: 1/68 [centaur/arrow (11)]
 13843 | D:8      | HP: 5/68 [yak (17)]
 13844 | D:8      | Slain by a water moccasin

Illustrated notes

Levels and vault maps discovered:
D:1:      ncdulo_wetmaze, layout_basic, ebering_ecumenical_altar_rust,
          serial_forest, infiniplex_forest_clump_small,
          infiniplex_forest_clump_C, infiniplex_forest_straight_5,
          infiniplex_forest_join, infiniplex_forest_lined_corner,
          infiniplex_forest_zigzag_1, infiniplex_forest_straight_5,
          infiniplex_forest_clump_small, infiniplex_forest_clump_long,
          infiniplex_forest_end_1, st_stairs_3, serial_bayou_pond_a
D:2:      layout_loops_ring, serial_shops, shop, serial_bayou_pond_b,
          serial_park_tiny_1
D:3:      layout_loops_ring, minmay_misc_feat_pillars, kennysheep_nub,
          minmay_misc_feat_alley, patterned_corridor
D:4:      layout_basic, nicolae_ru_sacrificial_ziggurat, serial_glass,
          glass_columns_b, glass_columns_a, minmay_vboxes
D:5:      layout_loops_ring, sigmund_edmund_badplayer, uniq_eustachio, uniq_ijyb
D:6:      layout_loops_ring, grunt_temple_overflow_opulence,
          gammafunk_temple_overflow_wave, serial_bayou, serial_bayou_lake_a,
          serial_bayou_pond_a, serial_bayou_shore_b, serial_bayou_pond_b,
          minivault_10, kennysheep_generic_room_16
D:7:      layout_loops_ring, trog_ov_bears_minmay, old_standard_altar,
          lemuel_coloured_pillars_altar, fedhas_altar_2,
          minmay_temple_entry_sparse_star, minmay_shattered_shrine
D:8:      layout_gridville, due_lair_maze_entry_diamond, uniq_gastronok,
          uniq_erica, uniq_maggie
Temple:   eino_temple_lava

Skill      XL: |  1  2  3  4  5  6  7  8  9 10 |
---------------+-------------------------------+-----
Summonings     | 1 2 3 5 |  5.0
Spellcasting   | 3 4 5 6 |  6.0
Fighting       | 2 3 4 6 |  6.0
Hexes          | 2 3 |  3.0
Throwing       | 1 2 |  2.0
Conjurations   | 2 4 |  4.0
Stealth        | 4 6 |  6.3
Dodging        | 4 5 |  5.5
Air Magic      | 3 5 |  5.0
Evocations     | 3 |  3.0
Fire Magic     | 4 |  4.0

Action                   |  1- 3 |  4- 6 |  7- 9 | 10-12 || total
-------------------------+-------+-------+-------+-------++-------
Melee: Unarmed           |     4 |       |       |       ||     4
       Tentacles         |    27 |     2 |     5 |     2 ||    36
       Constrict         |     6 |     5 |    10 |     3 ||    24
       Trident           |   118 |     3 |       |       ||   121
       Whip              |       |    21 |     4 |       ||    25
       Short sword       |       |       |    39 |    14 ||    53
Throw: Dart              |       |       |     4 |       ||     4
       Stone             |       |       |     1 |       ||     1
 Cast: Foxfire           |    43 |    56 |    66 |     8 ||   173
       Call Imp          |     8 |    46 |   158 |    36 ||   248
       Summon Guardian G |       |     2 |    16 |     4 ||    22
       Inner Flame       |       |     1 |    10 |     4 ||    15
       Summon Lightning  |       |       |    20 |    16 ||    36
Evoke: Wand              |       |       |     2 |       ||     2
  Use: Scroll            |       |     5 |     7 |     5 ||    17
       Potion            |       |     2 |       |     1 ||     3
 Stab: Sleeping          |     1 |       |       |       ||     1
       Distracted        |       |     1 |     1 |     1 ||     3
Armor: Skin              |     3 |       |     6 |       ||     9
Dodge: Dodged            |     9 |    11 |    60 |    34 ||   114
Block: Other             |       |     6 |    12 |       ||    18

Table legend: (Time is in decaauts)
 A = Elapsed time spent in this place.
 B = Non-inter-level travel time spent in this place.
 C = Inter-level travel time spent in this place.
 D = Time resting spent in this place.
 E = Time spent auto-exploring this place.
 F = Levels seen in this place.
 G = Mean time per level.
                   A        B        C        D        E       F      G
               +--------+--------+--------+--------+--------+-----+--------+
         Total |  13908 |  13226 |    682 |   3899 |   6464 |   9 | 1545.3 |
       Dungeon |  13831 |  13162 |    669 |   3899 |   6399 |   8 | 1728.9 |
        Temple |     77 |     65 |     12 |      0 |     65 |   1 |   77.0 |
               +--------+--------+--------+--------+--------+-----+--------+

Top non-repeatable levels by time:
     D:4: 2540 daAuts
     D:6: 2128 daAuts
     D:7: 2060 daAuts
     D:5: 1839 daAuts
     D:1: 1622 daAuts
     D:2: 1600 daAuts
     D:3: 1539 daAuts
     D:8: 499 daAuts
  Temple: 77 daAuts
